 Dungeon Crawl Stone Soup version 0.27.1-34-g3ba077fa99 (webtiles) character file.

Game seed: 18332773860340819533

170 fishdoom the Sneak (level 5, -8/30 (32) HPs)
             Began as a Kobold Brigand on Jan 20, 2022.
             Was a Believer of Nemelex Xobeh.
             Mangled by Duvessa (14 damage)
             ... on level 4 of the Dungeon.
             The game lasted 00:20:56 (4253 turns).

fishdoom the Sneak (Kobold Brigand)                 Turns: 4253, Time: 00:20:57

HP:   -8/30 (32)    AC:  3    Str:  8    XL:     5   Next: 80%
MP:   5/5           EV: 15    Int: 12    God:    Nemelex Xobeh [**....]
Gold: 113           SH:  0    Dex: 24    Spells: 4/4 levels left

rFire    . . .     SeeInvis .   a - +2 dagger
rCold    . . .     Faith    .   (shield restricted)
rNeg     . . .     Spirit   .   b - +0 robe
rPois    .         Reflect  .   (no helmet)
rElec    .         Harm     .   c - +0 cloak
rCorr    .         Rampage  .   (no gloves)
Will     .....                  (no boots)
Stlth    +++++.....             (no amulet)
HPRegen  0.10/turn              t - +6 ring of dexterity
MPRegen  0.09/turn              (no ring)

@: drained
A: small, no large weapons, nightstalker 3
a: Renounce Religion, Draw Escape, Draw Destruction, Draw Summoning


You were on level 4 of the Dungeon.
You worshipped Nemelex Xobeh.
Nemelex Xobeh was pleased with you.
You visited 1 branch of the dungeon, and saw 4 of its levels.

You collected 135 gold pieces.
You spent 22 gold pieces at shops.

Inventory:

Hand Weapons
 a - a +2 dagger (weapon)
 l - a +3 flail
 p - a +0 hand crossbow
 q - a +0 hunting sling
Missiles
 d - 8 poisoned darts
 e - a curare-tipped dart (quivered)
 o - 37 sling bullets
 u - 22 arrows
Armour
 b - a +0 robe (worn)
 c - a +0 cloak (worn)
 k - a +0 leather armour
Jewellery
 t - a +6 ring of dexterity (left hand)
Wands
 h - a wand of iceblast (9)
 i - a wand of flame (9)
Scrolls
 f - a scroll of teleportation {unknown}
 m - 2 scrolls of identify
 n - a scroll of enchant weapon {unknown}
 r - a scroll of blinking {unknown}
 s - a scroll of magic mapping {unknown}
 v - a scroll of vulnerability {unknown}
Potions
 g - 3 potions of attraction
 j - a potion of curing {unknown}


   Skills:
 * Level 3.1 Fighting
 * Level 4.3 Short Blades
 + Level 3.3 Throwing
 * Level 2.0 Dodging
 * Level 6.7 Stealth


You had 4 spell levels left.
You didn't know any spells.
Your spell library contained the following spells:

 Spells                   Type           Power      Damage    Failure   Level
 Sandblast                Erth           0%         2d4       32%         1
 Passwall                 Tmut/Erth      0%         N/A       45%         2
 Lee's Rapid Deconstruct  Erth           0%         3d5*      100%        5


Dungeon Overview and Level Annotations

Branches:
Dungeon (4/15)
 Temple: D:4-7

Altars:
Nemelex Xobeh

Shops:
D:3 *[

Annotations:
D:4 Dowan, Duvessa


Innate Abilities, Weirdness & Mutations

You are small and have problems with some larger weapons.
You are completely attuned to the shadows.


Message History

Duvessa closely misses you.
You hit Duvessa but do no damage.
Duvessa hits you with a +2 short sword of draining!
You feel drained.
You hit Duvessa.
Duvessa is lightly wounded.
Duvessa closely misses you.
You hit Duvessa but do no damage.
Duvessa is lightly wounded.
You hit Duvessa but do no damage.
Duvessa is lightly wounded.
Dowan hits you with a +0 dagger. Duvessa misses you.
You draw a card...
You have drawn Pain.
Press: ? - help, Shift-Dir - straight line, f - Duvessa
Aim: Duvessa, wielding a +2 short sword of draining and wearing a +0 leather armour (lightly wounded) Duvessa convulses!
The deck of cards disappears without a trace.
Dowan hits you with a +0 dagger.
Duvessa hits you with a +2 short sword of draining.
You feel drained.
Okay, then.
Throw: 9 darts (poison)
Press: ? - help, Q - select action, (/) - cycle Shift-Dir - straight line, f/p - Duvessa
Aim: Duvessa, wielding a +2 short sword of draining and wearing a +0 leather armour (heavily wounded, 69% to hit)
You throw a poisoned dart. The poisoned dart hits Duvessa!
Duvessa is poisoned.
Duvessa is heavily wounded.
Dowan hits you with a +0 dagger.
* * * LOW HITPOINT WARNING * * *
Duvessa closely misses you.
Throw: 2 darts (curare)
Press: ? - help, Q - select action, (/) - cycle Shift-Dir - straight line, f - Dowan, p - Duvessa
Aim: Dowan, wielding a +0 dagger and wearing a +0 robe (57% to hit)
You throw a curare-tipped dart. The curare-tipped dart hits Dowan.
Dowan is poisoned.
Dowan convulses.
Dowan seems to slow down.
Dowan is lightly wounded.
Duvessa hits you with a +2 short sword of draining!
You die...
Your body glows slightly and disappears.

...###.#########
...# #.# ##..
#.# 8##.##.#
..#....#
..#..### #.#..#
.Z#..# #.#.@#
.F#ee# ..#..#
8##..# ##....
...# #..# ..
#..# ###.# #..#


You could see Duvessa (very poisoned), Dowan (very poisoned, slow), a bullfrog
(asleep) and a water moccasin zombie.

Vanquished Creatures
  A water moccasin zombie (D:3)
  2 adders
  A worm (D:2)
  A dart slug (D:2)
  8 orcs
  An endoplasm (D:1)
  6 giant cockroaches
  6 goblins
  11 hobgoblins
  2 jackals (D:3)
  4 quokkas
  12 ball pythons
  8 bats
  2 frilled lizards (D:2)
  7 kobolds
  4 rats
76 creatures vanquished.

Vanquished Creatures (others)
  A plant (D:1)
1 creature vanquished.

Grand Total: 77 creatures vanquished

Notes
Turn   | Place    | Note
-------+----------+-------------------------------------------
     0 | D:1      | fishdoom the Kobold Brigand began the quest for the Orb.
     0 | D:1      | Reached XP level 1. HP: 12/12 MP: 1/1
   405 | D:1      | Reached XP level 2. HP: 17/17 MP: 2/2
  1102 | D:1      | Reached XP level 3. HP: 15/22 MP: 3/3
  1484 | D:1      | Found a faded altar of an unknown god.
  1501 | D:1      | Became a worshipper of Nemelex Xobeh the Trickster
  1501 | D:1      | Reached * piety under Nemelex Xobeh
  2014 | D:2      | You fall into a shaft and drop 2 floors!
  2098 | D:3      | Received a gift from Nemelex Xobeh
  2130 | D:3      | Reached XP level 4. HP: 27/27 MP: 4/4
  2154 | D:3      | Reached skill level 6 in Stealth
  2240 | D:3      | HP: 1/27 [water moccasin zombie (3)]
  2242 | D:3      | Reached XP level 5. HP: 1/32 MP: 5/5
  2587 | D:3      | Found Budip's Assorted Antiques.
  2605 | D:3      | Bought a scroll labelled WOPAIS TO RYS for 22 gold pieces
  2970 | D:3      | Reached ** piety under Nemelex Xobeh
  3043 | D:3      | Found Moasuuqu's Armour Shoppe.
  4243 | D:4      | Noticed a bullfrog
  4243 | D:4      | Noticed Duvessa
  4246 | D:4      | Noticed Dowan
  4253 | D:4      | Mangled by Duvessa

Illustrated notes

Levels and vault maps discovered:
D:1:      evilmike_arrival_rings, layout_basic,
          dreamdust_ecumenical_altar_hidden_monk_grotto, minmay_door_square,
          minmay_hedge_maze
D:2:      layout_basic, item_on_display_a
D:3:      layout_loops_cross, serial_shops, nicolae_shop_stone,
          nicolae_square_shop, minmay_vboxes
D:4:      layout_loops_ring, gammafunk_ghost_arena, minivault_23, uniq_duvessa

Skill      XL: |  1  2  3  4  5 |
---------------+----------------+-----
Short Blades   | 3 4 |  4.3
Throwing       | 3 |  3.3
Stealth        | 6 |  6.7
Fighting       | 3 |  3.1
Dodging        | 2 |  2.0

Action                   |  1- 3 |  4- 6 || total
-------------------------+-------+-------++-------
Melee: Dagger            |   102 |    89 ||   191
 Fire: Hunting sling     |       |    33 ||    33
Throw: Dart              |    53 |     9 ||    62
Invok: Draw Destruction  |       |     4 ||     4
       Draw Escape       |       |     1 ||     1
  Use: Scroll            |       |     1 ||     1
 Stab: Sleeping          |     6 |    15 ||    21
       Distracted        |       |     2 ||     2
Armor: Robe              |    17 |    13 ||    30
Dodge: Dodged            |    45 |    65 ||   110
